 Dungeon Crawl Stone Soup version 0.30-a0-54-g2e61a25929 (webtiles) character file.

Game seed: 11829880968253497930

473 LnG the Trooper (level 7, -1/61 HPs)
             Began as a Hill Orc Fighter on Sept 8, 2022.
             Was a Priest of Uskayaw.
             Succumbed to a gnoll's poison
             ... on level 5 of the Dungeon.
             The game lasted 00:08:08 (4270 turns).

LnG the Trooper (Hill Orc Fighter)                  Turns: 4270, Time: 00:08:10

Health: -1/61      AC: 10    Str: 21    XL:     7   Next: 10%
Magic:  7/7        EV:  6    Int:  8    God:    Uskayaw [***...]
Gold:   281        SH: 12    Dex: 10    Spells: 6/6 levels left

rFire   . . .      SeeInvis +    l - +9 flail "Fyer" {vorpal, SInv}
rCold   + . .      Faith    .    p - +0 tower shield
rNeg    . . .      Spirit   .    b - +0 scale mail
rPois   .          Reflect  .    t - +0 helmet
rElec   .          Harm     .    (no cloak)
rCorr   .          Rampage  .    D - +1 pair of gloves
Will    .....                    (no boots)
Stlth   ..........               x - amulet of regeneration
HPRegen 1.00/turn                r - ring of protection from cold
MPRegen 0.10/turn                w - ring of flight

@: lethally poisoned (-1 -> -10), flying
A: no striking features
a: Renounce Religion, Stomp, Line Pass


You were on level 5 of the Dungeon.
You worshipped Uskayaw.
Uskayaw was noncommittal.
You visited 2 branches of the dungeon, and saw 6 of its levels.

You collected 281 gold pieces.

Inventory:

Hand Weapons
 a - a +0 war axe
 l - the +9 flail "Fyer" (weapon) {vorpal, SInv}
   (You found it on level 2 of the Dungeon)

   It inflicts extra damage upon your enemies.
   SInv:      It lets you see invisible.
 B - the +8 falchion of Circularity {venom, rCorr}
   (You found it on level 5 of the Dungeon)

   It poisons the flesh of those it strikes.
   rCorr:     It protects you from acid and corrosion.
Missiles
 A - 5 boomerangs (quivered)
Armour
 b - a +0 scale mail (worn)
 p - a +0 tower shield (worn)
 t - a +0 helmet (worn)
 D - a +1 pair of gloves (worn)
Jewellery
 j - a ring of ice
 r - a ring of protection from cold (left hand)
 w - a ring of flight (right hand)
 x - an amulet of regeneration (around neck)
Scrolls
 f - a scroll of fog {unknown}
 g - 7 scrolls of identify {unknown}
 h - a scroll of acquirement {unknown}
 i - 2 scrolls of enchant armour {unknown}
 k - 2 scrolls of amnesia
 q - a scroll of fear {unknown}
 s - a scroll of brand weapon {unknown}
 u - a scroll of enchant weapon {unknown}
 v - a scroll of teleportation {unknown}
 y - a scroll of silence {unknown}
 C - a scroll of blinking {unknown}
 E - a scroll of magic mapping {unknown}
Potions
 c - a potion of haste {unknown}
 d - a potion of might
 e - 2 potions of lignification {unknown}
 m - 6 potions of curing {unknown}
 n - a potion of flight {unknown}
 o - a potion of ambrosia {unknown}
 z - 2 potions of heal wounds {unknown}


   Skills:
 + Level 5.0 Fighting
 + Level 4.2(5.3) Axes
 + Level 4.0(4.7) Maces & Flails
 + Level 4.9 Armour
 + Level 0.9 Dodging
 + Level 0.4 Stealth
 + Level 4.2 Shields


You had 6 spell levels left.
You didn't know any spells.
Your spell library contained the following spells:

 Spells                   Type           Power      Damage    Failure   Level
 Necrotise                Necr           0%         1d4       100%        1
 Summon Small Mammal      Summ           0%         N/A       100%        1
 Call Canine Familiar     Summ           0%         N/A       100%        3
 Summon Guardian Golem    Hex/Summ       0%         N/A       100%        3
 Vampiric Draining        Necr           0%         2d6       100%        3
 Agony                    Necr           0%         N/A       100%        5


Dungeon Overview and Level Annotations

Branches:
Dungeon (5/15)             Temple (1/1) D:5

Altars:
Ashenzari
Cheibriados
Dithmenos
Elyvilon
Fedhas
Gozag
Hepliaklqana
Kikubaaqudgha
Makhleb
Nemelex Xobeh
Okawaru
Ru
Trog
Uskayaw
Vehumet
Wu Jian
Yredelemnul
Jiyva

Annotations:
D:3 3 runed translucent doors, Newt's ghost, amateur KoHu


Message History

You hit the gnoll bouda.
The gnoll bouda is lightly wounded.
You feel very sick. You block the gnoll's attack. x2
The gnoll bouda hits you with a +0 whip.
You can now pass through a line of other dancers.
You barely miss the gnoll bouda.
The gnoll bouda is lightly wounded.
You feel very sick.
The gnoll is no longer moving quickly.
You block the gnoll's attack. The gnoll bouda barely misses you.
The gnoll hits you from afar with a +0 spear of venom.
You are more poisoned.
You thump the gnoll bouda!
The gnoll bouda is heavily wounded.
You feel very sick.
The gnoll bouda barks out a call to the hunt!
The gnoll picks up the pace!
The gnoll hits you from afar with a +0 spear of venom!
* * * LOW HITPOINT WARNING * * *
You are more poisoned.
You block the gnoll bouda's attack.
As you read the scroll labelled LEZ CADAOFEA, it crumbles to dust.
It is a scroll of amnesia.
You feel forgetful for a moment.
You feel very sick.
The gnoll is no longer moving quickly.
You block the gnoll's attack.
The gnoll bouda hits you with a +0 whip!
* * * LOW HITPOINT WARNING * * *
You sock the gnoll bouda!
You kill the gnoll bouda!
* * * LOW HITPOINT WARNING * * *
You feel very sick.
The gnoll is no longer moving quickly.
The gnoll hits you but does no damage.
You are more poisoned.
The gnoll completely misses you. You block the gnoll's attack.
Uskayaw will force your foes to helplessly watch your dance.
Uskayaw prepares the audience for your solo!
Your Maces & Flails skill increases to level 4!
You die...

.##......#....
................#
.....###...#.#
##.##.####.#######
#..######..#.###.......<#.#
##...............# #.#
##...............# #.#
..........>..###.# #.#
.............# #.# #.#
#>...........# #.#
#............# #@#
#............# #.#
#............###g#
#..<...........gg#
#...............)#
#############....# #..?..
#....# #....#


You could see 3 gnolls.

Vanquished Creatures
  A howler monkey (D:4)
  A jelly (D:5)
  A gnoll bouda (D:5)
  4 orc priests
  2 iguanas
  A hound zombie (D:3)
  8 adders
  2 gnolls (D:5)
  2 worms
  4 dart slugs
  10 orcs
  7 endoplasms
  2 giant cockroaches (D:3)
  6 goblins
  6 hobgoblins
  4 jackals (D:1)
  A quokka (D:4)
  6 ball pythons
  A ball python zombie (D:3)
  7 bats
  5 frilled lizards
  4 kobolds
  4 rats
89 creatures vanquished.

Notes
Turn   | Place    | Note
-------+----------+-------------------------------------------
     0 | D:1      | LnG the Hill Orc Fighter began the quest for the Orb.
     0 | D:1      | Reached XP level 1. HP: 19/19 MP: 1/1
   284 | D:1      | Found a faded altar of an unknown god.
   298 | D:1      | Reached XP level 2. HP: 14/27 MP: 2/2
   867 | D:1      | Reached skill level 4 in Fighting
  1078 | D:2      | Reached XP level 3. HP: 32/33 MP: 3/3
  1128 | D:2      | Found a basalt altar of Yredelemnul.
  1356 | D:2      | Identified the +9 flail "Fyer" {vorpal, SInv}
  1511 | D:2      | Reached XP level 4. HP: 40/40 MP: 4/4
  1935 | D:3      | Reached skill level 1 in Maces & Flails
  1949 | D:3      | Reached XP level 5. HP: 30/47 MP: 5/5
  2079 | D:3      | Found a hazy altar of Hepliaklqana.
  2081 | D:3      | Identified the +4 robe "Qitseps" {Fly Regen+ rCorr}
  2693 | D:3      | Found a runed translucent gate.
  2693 | D:3      | Found a runed translucent gate.
  2693 | D:3      | Found a runed translucent gate.
  2693 | D:3      | Noticed Newt's ghost (amateur KoHu)
  2695 | D:3      | Found a basalt altar of Yredelemnul.
  3097 | D:4      | Found a bloodstained altar of Trog.
  3340 | D:4      | Found an iron altar of Okawaru.
  3470 | D:4      | Found a hide-covered altar of Uskayaw.
  3481 | D:4      | Became a worshipper of Uskayaw the Reveller
  3609 | D:4      | Reached * piety under Uskayaw
  3612 | D:4      | Reached XP level 6. HP: 53/53 MP: 6/6
  3727 | D:5      | Entered Level 5 of the Dungeon
  3732 | D:5      | Reached ** piety under Uskayaw
  3735 | D:5      | Reached *** piety under Uskayaw
  3792 | D:5      | Found a staircase to the Ecumenical Temple.
  3839 | Temple   | Entered the Ecumenical Temple
  4112 | D:5      | Found a shadowy altar of Dithmenos.
  4187 | D:5      | Identified the +8 falchion of Circularity {venom, rCorr}
  4257 | D:5      | Reached skill level 5 in Fighting
  4257 | D:5      | Reached XP level 7. HP: 61/61 MP: 7/7
  4269 | D:5      | HP: 2/61 [poisoned by a gnoll]
  4270 | D:5      | Succumbed to a gnoll's poison

Illustrated notes

Levels and vault maps discovered:
D:1:      dpeg_arrival_stone_temple_mockup, layout_loops_ring,
          hellmonk_ecumenical_altar_zigzags
D:2:      layout_basic, basic_altar
D:3:      layout_loops_ring, nicolae_yredelemnul_ghost_church,
          nzn_hepliaklqana_mist_gate
D:4:      layout_loops_ring, nicolae_uskayaw_dance_hall,
          mainiacjoe_overflow_24_doors, lemuel_doored_altar
D:5:      layout_basic, nicolae_dithmenos_shadow_blocks,
          minmay_temple_entry_large_hall
Temple:   pf_slime_end_temple

Skill      XL: |  1  2  3  4  5  6  7 |
---------------+----------------------+-----
Axes           | 3 4 |  4.2
Fighting       | 4 5 |  5.0
Armour         | 4 |  4.9
Maces & Flails | 1 2 3 4 |  4.0
Shields        | 4 |  4.2
Dodging        | |  0.9
Stealth        | |  0.4

Action                   |  1- 3 |  4- 6 |  7- 9 || total
-------------------------+-------+-------+-------++-------
Melee: War axe           |    75 |       |       ||    75
       Flail             |     4 |   123 |     8 ||   135
  Use: Scroll            |       |       |     1 ||     1
 Stab: Paralysed         |       |     1 |       ||     1
Armor: Scale mail        |    48 |    49 |     4 ||   101
Dodge: Dodged            |    42 |    51 |     5 ||    98
Block: Buckler           |    21 |    10 |       ||    31
       Tower shield      |       |    40 |     8 ||    48

Table legend: (Time is in decaauts)
 A = Elapsed time spent in this place.
 B = Non-inter-level travel time spent in this place.
 C = Inter-level travel time spent in this place.
 D = Time resting spent in this place.
 E = Time spent auto-exploring this place.
 F = Levels seen in this place.
 G = Mean time per level.
                   A        B        C        D        E       F      G
               +--------+--------+--------+--------+--------+-----+--------+
         Total |   4359 |   4192 |    167 |    658 |   2703 |   6 |  726.5 |
       Dungeon |   4163 |   4051 |    112 |    658 |   2584 |   5 |  832.6 |
        Temple |    196 |    141 |     55 |      0 |    119 |   1 |  196.0 |
               +--------+--------+--------+--------+--------+-----+--------+

Top non-repeatable levels by time:
     D:3: 1134 daAuts
     D:1: 1061 daAuts
     D:2: 897 daAuts
     D:4: 704 daAuts
     D:5: 364 daAuts
  Temple: 196 daAuts
